 Dungeon Crawl Stone Soup version 0.30-b1-2-g02819fbbbe (webtiles) character file.

Game seed: 17456388103671256485

9458 LLlMATKO the Cleaver (level 11, -4/153 HPs)
             Began as a Minotaur Berserker on Sept 17, 2023.
             Was a High Priest of Trog.
             Slain by a skeletal warrior
             ... wielding a +0 scimitar
             ... led by a death knight
              (13 damage)
             ... on level 11 of the Dungeon.
             The game lasted 00:14:18 (11092 turns).

LLlMATKO the Cleaver (Minotaur Berserker)          Turns: 11092, Time: 00:14:18

Health: -4/153     AC: 21    Str: 27    XL:     11   Next: 23%
Magic:  3/3        EV: 12    Int:  4    God:    Trog [*****.]
Gold:   672        SH:  5    Dex: 15    Spells: 10/10 levels left

rFire   . . .        P - +4 battleaxe (antimagic)
rCold   . . .        (shield currently unavailable)
rNeg    . . .        N - +0 plate armour
rPois   .            (helmet restricted)
rElec   .            O - +2 cloak
rCorr   .            n - +0 pair of gloves
SInv    .            B - +0 pair of boots
Will    .....        t - amulet of reflection Stlth
                     o - ring of flight
HPRegen 0.45/turn    b - +6 ring of dexterity
MPRegen 0.08/turn

%: reflection
@: berserking, flying, very quick
A: horns 2, retaliatory headbutt
a: Renounce Religion, Berserk, Trog's Hand, Brothers in Arms


You were on level 11 of the Dungeon.
You worshipped Trog.
Trog was extremely pleased with you.
You visited 1 branch of the dungeon, and saw 11 of its levels.
You also visited: Sewer.

You collected 672 gold pieces.

Inventory:

Hand Weapons
 s - a +1 war axe
 w - a +0 war axe
 z - a +1 heavy hand axe
 P - a +4 antimagic battleaxe (weapon)
Missiles
 l - 117 poisoned darts (quivered)
 m - 4 curare-tipped darts
 I - 6 boomerangs
Armour
 n - a +0 pair of gloves (worn)
 B - a +0 pair of boots (worn)
 N - a +0 plate armour (worn)
 O - a +2 cloak (worn)
Jewellery
 b - a +6 ring of dexterity (right hand)
 o - a ring of flight (left hand)
 t - an amulet of reflection (around neck)
 J - an amulet of magic regeneration
 Q - a ring of see invisible
Wands
 D - a wand of acid (8)
 F - a wand of digging (4)
 L - a wand of roots (6)
Scrolls
 d - 2 scrolls of enchant weapon
 h - a scroll of fear
 i - 2 scrolls of butterflies
 p - a scroll of enchant armour
 q - 6 scrolls of identify
 u - 2 scrolls of blinking
 y - a scroll of teleportation
 H - 2 scrolls of magic mapping
Potions
 a - a potion of lignification {unknown}
 c - 4 potions of heal wounds {unknown}
 e - 6 potions of curing
 f - 3 potions of degeneration {unknown}
 g - 5 potions of flight {unknown}
 j - 2 potions of haste {unknown}
 k - 2 potions of attraction {unknown}
 v - 3 potions of magic {unknown}
 x - 4 potions of invisibility {unknown}
 G - 2 potions of mutation {unknown}
 K - a potion of brilliance {unknown}
 M - a potion of might {unknown}
 R - a potion of cancellation {unknown}
 S - a potion of ambrosia {unknown}


   Skills:
 + Level 11.1 Fighting
 + Level 11.2 Axes
 + Level 10.9 Armour
 + Level 10.0 Dodging


You had 10 spell levels left.
You didn't know any spells.
Your spell library was empty.

Dungeon Overview and Level Annotations

Branches:
Dungeon (11/15)            Temple (0/1) D:5            Lair (0/5) D:10
  Sewer (visited)
    Orc: D:9-12

Altars:
Elyvilon
Gozag
Kikubaaqudgha
Nemelex Xobeh
Okawaru
Qazlal
Trog
Uskayaw
Zin
The Shining One

Shops:
D:6 *


Innate Abilities, Weirdness & Mutations

You have a pair of horns on your head.
You reflexively headbutt those who attack you in melee.


Message History

Unknown command.
You hit the death knight but do no damage.
You headbutt the death knight!!
The death knight is heavily wounded.
You slash the skeletal warrior! You closely miss the wraith.
The death knight reflects your damage back at you!
The wraith closely misses you.
The skeletal warrior hits you with a +0 scimitar.
The death knight hits you with a +0 great sword!!
* * * LOW HITPOINT WARNING * * *
Unknown command.
You barely miss the death knight. You headbutt the death knight.
The death knight is heavily wounded.
You hit the wraith but do no damage.
You completely miss the skeletal warrior.
The death knight reflects your damage back at you!
* * * LOW HITPOINT WARNING * * *
The phantasmal warrior gestures at you.
The phantasmal warrior blinks!
The wraith hits you but does no damage.
The skeletal warrior closely misses you.
The death knight hits you but does no damage.
Unknown command.
You barely miss the death knight. You headbutt the death knight.
The death knight is severely wounded.
You slash the wraith!
You hit the skeletal warrior but do no damage.
The death knight reflects your damage back at you!
* * * LOW HITPOINT WARNING * * *
The wraith hits you but does no damage.
The skeletal warrior hits you with a +0 scimitar!!
* * * LOW HITPOINT WARNING * * *
The death knight calls down the wrath of Yredelemnul upon you.
Your body is wracked with pain!
* * * LOW HITPOINT WARNING * * *
Unknown command.
You closely miss the death knight.
The death knight is severely wounded.
You hit the skeletal warrior. You slash the wraith!
The skeletal warrior hits you with a +0 scimitar!
You die...

,,,,* *#.,* **,,,,,,,
*,,,* #..* #### *,,,,,,,
,,***** *#.######..##
*,,,,,,, ,,,,,,**
#..#..§§§§.# **,,,,,,
,,,,,,,* ###....§§§§§§#*
*,,,,,,
,~~~~,,**#.....§.§§§§§.#*
**,,,,,
8~~~~,,**...[....§§§§§§.#
*,,,,,
,~~~~,,**........§..§...#*
**,,,,
,,,,,,,**#......@!>.§§...#
*,,,, ,,,,,,**
##....Wpz.......#* **,,,
******* #............?..#
**,,
##........W.....#****,,
##...........,,,*,,,,*
#...........,,,,,****
##..........,,,***
####....$..,*** **********


You could see a death knight (reflects damage), a skeletal warrior, a phantasmal
warrior and a wraith.

Vanquished Creatures
  A death yak (D:10)
  Pikel (D:7)
  An elephant (D:10)
  2 kobold demonologists
  A freezing wraith (D:11)
  A shadow (D:10)
  2 basilisks (D:10)
  A wraith (D:9)
  A wyvern (D:10)
  16 yaks
  2 vampire mosquitoes (D:10)
  A steam dragon (D:7)
  An acid dragon (D:8)
  2 ice beasts
  3 orc warriors
  2 black bears (D:6)
  A sky beast (D:7)
  An ogre (D:6)
  4 phantoms
  3 centaurs
  3 bullfrogs
  14 kobold brigands
  4 scorpions
  8 howler monkeys
  3 orc priests
  A sleepcap (D:4)
  2 gnoll boudas (D:7)
  2 iguanas
  10 orc wizards
  10 gnolls (D:7)
  10 adders
  5 river rats (Sewer)
  2 shadow imps (D:9)
  3 white imps
  3 ufetubi
  3 worms
  36 orcs
  15 ball pythons
  4 endoplasms
  2 giant cockroaches
  5 goblins
  6 hobgoblins
  8 jackals
  4 quokkas
  3 bats (D:1)
  7 frilled lizards
  59 kobolds
  11 kobold skeletons (D:9)
  7 kobold zombies (D:9)
  9 rats
306 creatures vanquished.

Vanquished Creatures (others)
  A kobold (D:9)
  A bush (D:11)
  36 plants
38 creatures vanquished.

Grand Total: 344 creatures vanquished

Notes
Turn   | Place    | Note
-------+----------+-------------------------------------------
     0 | D:1      | LLlMATKO the Minotaur Berserker began the quest for the
                  | Orb.
     0 | D:1      | Reached XP level 1. HP: 19/19 MP: 0/0
   165 | D:1      | Reached XP level 2. HP: 27/27 MP: 1/1
   650 | D:1      | Found a faded altar of an unknown god.
   653 | D:1      | Reached ** piety under Trog
  1073 | D:2      | Noticed a phantom
  1077 | D:2      | Reached XP level 3. HP: 33/33 MP: 2/2
  1088 | D:2      | Killed a phantom
  1089 | D:2      | Reached XP level 4. HP: 41/41 MP: 3/3
  1358 | D:2      | Found a sparkling altar of Nemelex Xobeh.
  1469 | D:2      | Reached XP level 5. HP: 43/47 MP: 4/4
  1858 | D:3      | Noticed a phantom
  1874 | D:3      | Killed a phantom
  1875 | D:3      | Reached skill level 5 in Fighting
  1875 | D:3      | Reached skill level 5 in Axes
  1875 | D:3      | Reached XP level 6. HP: 56/56 MP: 5/5
  2015 | D:3      | Found an opulent altar of Gozag.
  2518 | D:4      | Found a glowing silver altar of Zin.
  2518 | D:4      | Found a sparkling altar of Nemelex Xobeh.
  2524 | D:4      | Found an iron altar of Okawaru.
  2531 | D:4      | Found a hide-covered altar of Uskayaw.
  2533 | D:4      | Found a stormy altar of Qazlal.
  2538 | D:4      | Found a glowing golden altar of the Shining One.
  3325 | D:5      | Entered Level 5 of the Dungeon
  3450 | D:5      | Reached skill level 5 in Armour
  3450 | D:5      | Reached XP level 7. HP: 43/62 MP: 6/6
  3613 | D:5      | Found a glowing drain.
  3625 | Sewer    | Entered a sewer
  3630 | Sewer    | Reached *** piety under Trog
  3853 | Sewer    | Reached skill level 5 in Dodging
  4577 | D:5      | Found a staircase to the Ecumenical Temple.
  4881 | D:6      | Found Piprenki's Assorted Antiques.
  4947 | D:6      | Reached XP level 8. HP: 71/71 MP: 7/7
  5064 | D:6      | Reached **** piety under Trog
  5789 | D:7      | Reached XP level 9. HP: 78/81 MP: 8/8
  6147 | D:7      | Noticed Pikel
  6160 | D:7      | Killed Pikel
  6798 | D:8      | Noticed a kobold demonologist
  6807 | D:8      | Killed a kobold demonologist
  6837 | D:8      | Found a white marble altar of Elyvilon.
  7999 | D:9      | Reached XP level 10. HP: 83/91 MP: 9/9
  8243 | D:9      | Reached skill level 10 in Axes
  8245 | D:9      | Reached skill level 10 in Fighting
  8802 | D:9      | Reached ***** piety under Trog
  8853 | D:9      | Reached skill level 10 in Armour
  8890 | D:9      | Found an ancient bone altar of Kikubaaqudgha.
  8901 | D:9      | Received a gift from Trog
  9169 | D:10     | Entered Level 10 of the Dungeon
  9222 | D:10     | Found a bloodstained altar of Trog.
  9500 | D:10     | Found a staircase to the Lair.
  9500 | D:10     | Noticed a death yak
  9500 | D:10     | Noticed an elephant
  9508 | D:10     | Killed a death yak
  9794 | D:10     | Reached XP level 11. HP: 101/101 MP: 3/10
 10268 | D:10     | Found a bloodstained altar of Trog.
 10371 | D:10     | Found a staircase to the Lair.
 10885 | D:11     | Reached skill level 10 in Dodging
 11082 | D:11     | Noticed a death knight
 11083 | D:11     | Noticed a skeletal warrior
 11083 | D:11     | Noticed a phantasmal warrior
 11092 | D:11     | Slain by a skeletal warrior

Illustrated notes

Levels and vault maps discovered:
D:1:      dpeg_arrival_court, layout_basic, ebering_ecumenical_altar_petrified,
          minivault_11, minmay_cut_off
D:2:      layout_rooms, basic_altar, amcnicky_mini_corridor_feature
D:3:      layout_rooms, nicolae_gozag_cash_rules_everything_around_me,
          st_stairs_13, grunt_ministairs_3
D:4:      layout_gridville, nicolae_overflow_hallway_of_the_gods,
          serial_bayou_lagoon_a
D:5:      layout_loops_cross, minmay_temple_entry_nine_rooms,
          cheibrodos_sewer_entry_drain
D:6:      layout_basic, serial_shops, shop, hangedman_decor_riveting
D:7:      layout_loops_ring, serial_glass, glass_columns_b, glass_columns_a,
          uniq_pikel
D:8:      layout_basic, kennysheep_mini
D:9:      wander_kiku_kobolds, layout_small_grid
D:10:     layout_stronghold, trog_three_pillars_becter, david_lair_generic
D:11:     layout_cave_pods, serial_park, serial_park_gazebo
          [serial_park_minivault_5x5_7], serial_park_tiny_2,
          serial_park_tiny_pond, serial_park_tiny_1, serial_park_tiny_pond,
          gammafunk_ghost_cemetery, nicolae_dithmenos_the_darkroom

Skill      XL: |  1  2  3  4  5  6  7  8  9 10 11 |
---------------+----------------------------------+-----
Fighting       | 4 5 6 7 9 10 11 | 11.1
Axes           | 4 5 6 7 9 10 11 | 11.2
Armour         | 3 4 5 6 7 9 10 | 10.9
Dodging        | 3 4 5 6 8 9 10 | 10.0

Action                     |  1- 3 |  4- 6 |  7- 9 | 10-12 || total
---------------------------+-------+-------+-------+-------++-------
  Melee: Hand axe          |    65 |    44 |   127 |    82 ||   318
         Headbutt          |     9 |    16 |    46 |    41 ||   112
         War axe           |       |   120 |   110 |       ||   230
         Punch             |       |       |     1 |     2 ||     3
         Battleaxe         |       |       |       |    68 ||    68
 Invoke: Berserk           |     1 |     3 |     6 |     7 ||    17
    Use: Scroll            |       |    10 |       |     6 ||    16
 Armour: Animal skin       |     9 |       |       |       ||     9
         Scale mail        |     9 |    62 |       |       ||    71
         Chain mail        |       |    21 |   102 |       ||   123
         Plate armour      |       |       |    12 |   131 ||   143
  Dodge: Dodged            |    49 |    90 |   162 |    93 ||   394
  Block: Other             |       |    11 |    65 |    42 ||   118
         Reflection        |       |       |     2 |     6 ||     8
